 Dungeon Crawl Stone Soup version 0.23.0-3-gf3c87f2df8 (webtiles) character file.

Game seed: 15043691894253226119

163 Ivernyr the Magician (level 5, 0/57 HPs)
             Began as a Demigod Wizard on Feb 21, 2019.
             Succumbed to an orc wizard's poison
             ... on level 3 of the Dungeon.
             The game lasted 00:16:27 (3219 turns).

Ivernyr the Magician (Demigod Wizard)               Turns: 3219, Time: 00:16:27

Health: 0/57       AC:  6    Str: 15    XL:     5   Next: 0%
Magic:  8/13       EV: 13    Int: 24    God:
Gold:   108        SH:  0    Dex: 14    Spells: 2/11 levels left

rFire    . . .     SeeInvis .   q - +2 quarterstaff (chaos)
rCold    . . .     Gourm    .   (shield currently unavailable)
rNeg     . . .     Faith    .   a - +0 robe
rPois    .         Spirit   .   b - +0 hat
rElec    .         Reflect  .   r - +2 cloak
rCorr    .         Harm     .   j - +0 pair of gloves
MR       .....                  (no boots)
Stlth    ..........             (no amulet)
HPRegen  0.19/turn              (no ring)
MPRegen  0.13/turn              (no ring)

@: berserking, lethally poisoned (0 -> -16), very quick
A: high mp 1
a: no special abilities


You were on level 3 of the Dungeon.
You were hungry.

You visited 1 branch of the dungeon, and saw 3 of its levels.

You collected 108 gold pieces.

Inventory:

Hand Weapons
 q - a +2 quarterstaff of chaos (weapon)
Armour
 a - a +0 robe (worn)
 b - a +0 hat (worn)
 j - a +0 pair of gloves (worn)
 r - a +2 cloak (worn)
Jewellery
 c - an uncursed ring of fire {unknown}
Scrolls
 e - 2 scrolls of teleportation {unknown}
 f - 4 scrolls of identify {unknown}
 h - 2 scrolls of enchant weapon {unknown}
 o - a scroll of fog {unknown}
 p - a scroll of remove curse {unknown}
Potions
 g - a potion of degeneration {unknown}
 i - a potion of berserk rage
 k - a potion of flight {unknown}
 l - a potion of ambrosia {unknown}
 m - a potion of agility {unknown}
 n - 2 potions of curing {unknown}
Comestibles
 d - 9 rations


   Skills:
 + Level 2.9 Dodging
 - Level 1.7 Stealth
 + Level 3.8 Spellcasting
 * Level 2.6 Conjurations
   Level 0.8 Summonings
 - Level 0.8 Translocations


You had 2 spell levels left.
You knew the following spells:

 Your Spells              Type           Power        Failure   Level  Hunger
a - Magic Dart            Conj           ###.         3%          1    None
b - Blink                 Tloc           N/A          11%         2    #......
c - Conjure Flame         Conj/Fire      ##......     17%         3    ##.....
d - Mephitic Cloud        Conj/Pois/Air  #.......     21%         3    ##.....

Your spell library contained the following spells:

 Spells                   Type           Power        Failure   Level  Hunger
 Apportation              Tloc           #.....       7%          1    None
 Summon Small Mammal      Summ           #...         7%          1    None
 Animate Skeleton         Necr           N/A          10%         1    None
 Confusing Touch          Hex            #.....       10%         1    None
 Call Imp                 Summ           #.......     11%         2    #......
 Slow                     Hex            #.......     16%         2    #......


Dungeon Overview and Level Annotations

Branches:
Dungeon (3/15)


Innate Abilities, Weirdness & Mutations

You have an increased reservoir of magic. (+10% MP)


Message History

You hit the orc.
You feel better.
You kill the orc!
You have reached level 5!
* * * LOW HITPOINT WARNING * * *
You feel sick.
You completely miss the orc.
* * * LOW HITPOINT WARNING * * *
You feel very sick. The orc hits you with a +0 dagger.
* * * LOW HITPOINT WARNING * * *
It was a potion of berserk rage.
A red film seems to cover your vision as you go berserk!
You feel yourself moving faster!
You feel mighty!
* * * LOW HITPOINT WARNING * * *
You feel sick. The orc closely misses you.
You closely miss the orc.
* * * LOW HITPOINT WARNING * * *
You feel sick. The orc barely misses you.
You closely miss the orc.
You die...

#######.#.. +.# ..
.....##.#.# #.###.##
.###.##.#.# #.#.... #
.# #.#..#.# #.#.#.##.#
## .# #.##.#.#
#.#.#... ... .#
#....#.#######.#...###
..# ##
#....'..........#.#
!##.##o
#....#.###..##o...#
....... #......#
#...@#.#.##g..o.o.
########
#..#.#g#..#...o...
#....#....lo......
#.########..#...#. #..
...# †# ##. ..?.# .
...... .....#..
......#..#


You could see an orc.

Vanquished Creatures
  Crazy Yiuf (D:2)
  An orc wizard (D:3)
  3 adders
  2 oozes
  A worm (D:2)
  A dart slug (D:1)
  2 leopard geckos
  2 orcs (D:3)
  A ball python (D:2)
  3 giant cockroaches
  7 goblins
  6 hobgoblins
  4 jackals
  6 kobolds
  A quokka (D:2)
  6 bats
  8 frilled lizards
  12 rats
67 creatures vanquished.

Notes
Turn   | Place    | Note
-------+----------+-------------------------------------------
     0 | D:1      | Ivernyr the Demigod Wizard began the quest for the Orb.
     0 | D:1      | Reached XP level 1. HP: 14/14 MP: 6/6
     8 | D:1      | Reached skill level 1 in Conjurations
   261 | D:1      | Reached skill level 3 in Spellcasting
   261 | D:1      | Reached XP level 2. HP: 20/20 MP: 1/8
   425 | D:1      | Learned a level 2 spell: Blink
  1019 | D:1      | Reached XP level 3. HP: 26/26 MP: 8/10
  1024 | D:1      | Learned a level 3 spell: Conjure Flame
  2132 | D:2      | Reached XP level 4. HP: 33/33 MP: 0/12
  2482 | D:2      | Learned a level 3 spell: Mephitic Cloud
  2696 | D:2      | Found a runed translucent door.
  2697 | D:2      | Noticed Crazy Yiuf
  2971 | D:2      | Killed Crazy Yiuf
  3215 | D:3      | Reached XP level 5. HP: 8/38 MP: 7/13
  3217 | D:3      | HP: 1/57 [poisoned by an orc wizard]
  3219 | D:3      | Succumbed to an orc wizard's poison

Skill      XL: |  1  2  3  4 |
---------------+-------------+-----
Conjurations   | 1 2 |  2.6
Dodging        | 2 |  2.9
Spellcasting   | 3 |  3.8
Stealth        | |  1.7
Summonings     | |  0.8
Translocations | |  0.8

Action                   |  1- 3 |  4- 6 || total
-------------------------+-------+-------++-------
Melee: Unarmed           |    16 |    14 ||    30
       Quarterstaff      |       |    30 ||    30
 Cast: Magic Dart        |   114 |    48 ||   162
       Mephitic Cloud    |       |     2 ||     2
       Conjure Flame     |       |     1 ||     1
  Use: Potion            |       |     1 ||     1
  Eat: Ration            |     1 |       ||     1
       Chunk             |       |     3 ||     3
Armor: Robe              |    22 |    20 ||    42
Dodge: Dodged            |    66 |    35 ||   101
